 Dungeon Crawl Stone Soup version 0.24.0-13-gcf9b3192b9 (webtiles) character file.

Game seed: 8590635344116554541, levelgen mode: deterministic

2159407 MisterOstroum the Hoplite (level 26, 104/219 HPs)
             Began as a Deep Dwarf Fighter on Nov 7, 2019.
             Was a High Priest of Makhleb.
             Escaped with the Orb
             ... and 3 runes!
             The game lasted 01:31:53 (43781 turns).

MisterOstroum the Hoplite (Deep Dwarf Fighter)     Turns: 43781, Time: 01:31:54

Health: 104/219    AC: 32    Str: 32    XL:     26   Next: 86%
Magic:  8/8 (0)    EV: 10    Int:  9    God:    Makhleb [*****.]
Gold:   418        SH: 31    Dex:  5    Spells: 25/25 levels left

rFire    + + +     SeeInvis +   X - +7 broad axe (chop)
rCold    + . .     Gourm    .   P - +5 large shield
rNeg     + . .     Faith    .   Y - +2 gold dragon scales
rPois    +         Spirit   .   C - +2 helmet
rElec    +         Reflect  .   s - +2 cloak
rCorr    .         Harm     .   k - +2 pair of gloves
MR       ++++.                  p - +1 pair of boots of the Barracuda {rF+ rC+}
Stlth    ..........             b - amulet "Iti Xael" {+Rage rElec rC- MP+9 Dex-5}
HPRegen  0.00/turn              j - ring of protection from magic
MPRegen  0.11/turn              J - ring "Ziurch" {rPois rF+ SInv}

@: sap magic, non-regenerating
A: damage resistance, heal wounds, agile 1, [blurry vision 2], [clumsy 2],
[deformed body], deterioration 1, [dopey 1], [frail 2], [low mp 2], negative
energy resistance 1, sense surroundings 3, [screaming 3], shaggy fur 2, strong
1, [subdued magic 2], MP-powered wands, no regeneration
0: Orb of Zot
}: 3/15 runes: decaying, serpentine, silver
a: Heal Wounds, Minor Destruction, Lesser Servant of Makhleb, Major Destruction,
Greater Servant of Makhleb, Renounce Religion, Evoke Berserk Rage


You escaped.
You worshipped Makhleb.
Makhleb was extremely pleased with you.
You were not hungry.

You visited 9 branches of the dungeon, and saw 47 of its levels.
You also visited: Sewer, Ice Cave and Volcano.

You collected 5820 gold pieces.
You spent 5402 gold pieces at shops.

Inventory:

Hand Weapons
 X - a +7 broad axe of chopping (weapon)
Missiles
 A - 3 throwing nets (quivered) {!f}
Armour
 k - a +2 pair of gloves (worn)
 p - the +1 pair of boots of the Barracuda (worn) {rF+ rC+}
   (You bought it in a shop on level 7 of the Dungeon)

   It protects you from fire.
   It protects you from cold.
 s - a +2 cloak (worn)
 C - a +2 helmet (worn)
 P - a +5 large shield (worn)
 Y - +2 gold dragon scales (worn)
Jewellery
 b - the amulet "Iti Xael" (around neck) {+Rage rElec rC- MP+9 Dex-5}
   (You found it on level 5 of the Vaults)

   [amulet of rage]

   It affects your dexterity (-5).
   It makes you vulnerable to cold.
   It insulates you from electricity.
   It affects your magic capacity (+9).
   It lets you go berserk.
 j - a ring of protection from magic (left hand)
 B - the ring "Larrargho" {rElec rF+ MR- Str+3 Int+4}
   (You found it in an ice cave)

   [ring of intelligence]

   It affects your strength (+3).
   It affects your intelligence (+4).
   It protects you from fire.
   It insulates you from electricity.
   It affects your resistance to hostile enchantments.
 I - the ring "Huxtoske" {rCorr Slay+3}
   (You took it off a vault sentinel on level 5 of the Vaults)

   [ring of resist corrosion]

   It affects your accuracy and damage with ranged weapons and melee attacks
   (+3).
   It provides partial protection from all sources of acid and corrosion.
 J - the ring "Ziurch" (right hand) {rPois rF+ SInv}
   (You found it in an ice cave)

   [ring of see invisible]

   It protects you from fire.
   It protects you from poison.
   It lets you see invisible.
 K - an uncursed ring of protection from fire
 M - the ring of Kaux Oth {rC+ Stlth-}
   (You found it in an ice cave)

   [ring of attention]

   It protects you from cold.
   It makes you less stealthy.
Wands
 c - a wand of iceblast (39)
 D - a wand of paralysis (10)
 F - a wand of scattershot (11)
 G - a wand of digging (6)
 L - a wand of random effects (44)
 Z - a wand of polymorph (20)
Scrolls
 i - 11 scrolls of fear {!r}
 m - 4 scrolls of teleportation {@r3 !r}
 n - 5 scrolls of blinking {@r4}
 u - 5 scrolls of immolation
 x - 2 scrolls of fog {!r}
 z - 11 scrolls of remove curse {@r2}
 O - 10 scrolls of identify {@r1}
 R - a scroll of acquirement {unknown}
 U - 3 scrolls of silence
Potions
 d - 10 potions of might {@q3 !q}
 f - 6 potions of heal wounds {@q2 !q}
 g - 5 potions of agility {@q5 !q}
 h - 5 potions of brilliance
 l - 7 potions of invisibility
 o - 6 potions of flight
 q - 8 potions of mutation
 t - 4 potions of haste {@q4 !q}
 v - 6 potions of magic
 w - 18 potions of curing {@q1 !q}
 E - 5 potions of lignification {@q6}
 Q - 6 potions of berserk rage
Miscellaneous
 a - a lamp of fire
 r - 2 boxes of beasts
 y - a lightning rod (4/4)
 S - a phantom mirror
 W - 2 sacks of spiders
Comestibles
 e - 67 rations


   Skills:
 * Level 23.5 Fighting
 - Level 20.0 Axes
 - Level 16.2 Armour
 - Level 15.0 Dodging
 + Level 24.3 Shields
 - Level 20.0 Invocations
 - Level 10.0 Evocations


You had 25 spell levels left.
You didn't know any spells.
Your spell library contained the following spells:

 Spells                   Type           Power        Failure   Level  Hunger
 Animate Skeleton         Necr           N/A          99%         1    ##.....
 Apportation              Tloc           #.....       99%         1    ##.....
 Beastly Appendage        Tmut           #.....       99%         1    ##.....
 Confusing Touch          Hex            #.....       99%         1    ##.....
 Corona                   Hex            #......      99%         1    ##.....
 Flame Tongue             Conj/Fire      #....        99%         1    ##.....
 Magic Dart               Conj           #...         99%         1    ##.....
 Sting                    Conj/Pois      #...         99%         1    ##.....
 Summon Butterflies       Summ           #.......     99%         1    ##.....
 Summon Small Mammal      Summ           #...         99%         1    ##.....
 Blink                    Tloc           N/A          100%        2    ###....
 Call Imp                 Summ           #.......     100%        2    ###....
 Corpse Rot               Necr           N/A          100%        2    ###....
 Ensorcelled Hibernation  Hex/Ice        #.....       100%        2    ###....
 Searing Ray              Conj           #.....       100%        2    ###....
 Slow                     Hex            #.......     100%        2    ###....
 Sublimation of Blood     Necr           #.........   100%        2    ###....
 Throw Flame              Conj/Fire      #.....       100%        2    ###....
 Call Canine Familiar     Summ           #.......     100%        3    ####...
 Confuse                  Hex            #.......     100%        3    ####...
 Conjure Flame            Conj/Fire      #.......     100%        3    ####...
 Dazzling Spray           Conj/Hex       #.....       100%        3    ####...
 Gell's Gravitas          Tloc           #.........   100%        3    ####...
 Inner Flame              Hex/Fire       #.......     100%        3    ####...
 Lesser Beckoning         Tloc           #.........   100%        3    ####...
 Mephitic Cloud           Conj/Pois/Air  #.......     100%        3    ####...
 Portal Projectile        Hex/Tloc       #.....       100%        3    ####...
 Recall                   Summ/Tloc      N/A          100%        3    ####...
 Spider Form              Tmut/Pois      #.........   100%        3    ####...
 Stone Arrow              Conj/Erth      #.....       100%        3    ####...
 Summon Guardian Golem    Hex/Summ       #.......     100%        3    ####...
 Tukima's Dance           Hex            #.......     100%        3    ####...
 Animate Dead             Necr           N/A          100%        4    #####..
 Cause Fear               Hex            #.........   100%        4    #####..
 Force Lance              Conj/Tloc      #.......     100%        4    #####..
 Fulminant Prism          Conj/Hex       #.........   100%        4    #####..
 Iskenderun's Mystic Bla  Conj           #.......     100%        4    #####..
 Leda's Liquefaction      Hex/Erth       #.........   100%        4    #####..
 Olgreb's Toxic Radiance  Pois           #.......     100%        4    #####..
 Petrify                  Tmut/Erth      #.......     100%        4    #####..
 Sticky Flame             Conj/Fire      #.......     100%        4    #####..
 Summon Ice Beast         Ice/Summ       #.......     100%        4    #####..
 Summon Lightning Spire   Summ/Air       #.......     100%        4    #####..
 Agony                    Necr           #.......     100%        5    ######.
 Alistair's Intoxication  Tmut/Pois      #.......     100%        5    ######.
 Bolt of Draining         Conj/Necr      #.........   100%        5    ######.
 Borgnjor's Vile Clutch   Necr/Erth      #.........   100%        5    ######.
 Dispel Undead            Necr           #.......     100%        5    ######.
 Excruciating Wounds      Chrm/Necr      #.........   100%        5    ######.
 Fireball                 Conj/Fire      #.........   100%        5    ######.
 Irradiate                Conj/Tmut      #.........   100%        5    ######.
 Metabolic Englaciation   Hex/Ice        #.........   100%        5    ######.
 Silence                  Hex/Air        #.........   100%        5    ######.
 Summon Forest            Summ/Tloc      #.........   100%        5    ######.
 Yara's Violent Unravell  Hex/Tmut       #.........   100%        5    ######.
 Bolt of Fire             Conj/Fire      #.........   100%        6    #######
 Death Channel            Necr           #.........   100%        6    #######
 Hydra Form               Tmut           #.........   100%        6    #######
 Invisibility             Hex            #.......     100%        6    #######
 Simulacrum               Ice/Necr       #.........   100%        6    #######
 Statue Form              Tmut/Erth      #........    100%        6    #######
 Dragon Form              Tmut           #.........   100%        7    #######
 Summon Hydra             Summ           #.........   100%        7    #######
 Dragon's Call            Summ           #.........   100%        9    #######


Dungeon Overview and Level Annotations

Branches:
Dungeon (15/15)            Temple (1/1) D:6            Lair (6/6) D:8
  Swamp (4/4) Lair:2        Snake (4/4) Lair:3        Slime (0/5) Lair:5
    Orc (2/2) D:9             Elf (0/3) Orc:2        Vaults (5/5) D:14
  Crypt (0/3) Vaults:2     Depths (5/5) D:15            Zot (5/5) Depths:5
  Sewer (visited)           IceCv (visited)         Volcano (visited)

Altars:
Ashenzari
Cheibriados
Dithmenos
Elyvilon
Fedhas
Gozag
Hepliaklqana
Kikubaaqudgha
Makhleb
Nemelex Xobeh
Okawaru
Qazlal
Ru
Sif Muna
Trog
Uskayaw
Vehumet
Wu Jian
Xom
Yredelemnul
Zin
The Shining One
Beogh
Jiyva

Shops:
D:7 *   D:10 (   D:14 }*:(   Orc:2 (**?   Snake:1 %*[}   Snake:4 %   Vaults:1 (
Vaults:2 %   Vaults:3 (!!   Zot:2 *

Portals:
Hell: Depths:1 Depths:2 Depths:5
Ziggurat: Depths:3

Annotations:
D:12 1 runed translucent door, casual's ghost, novice DrMo
Lair:2 exclusion: 2 oklob plants
Lair:3 1 runed translucent door, MeekVeins's ghost, journeyman VSMo
Zot:5 exclusions: obsidian statue and 1 more exclusion


Innate Abilities, Weirdness & Mutations

You are resistant to damage.
You can heal yourself by infusing magical energy.
You resist negative energy. (rN+)
You passively map a large area around you.
You do not regenerate.
You are agile. (Dex +2)
Your body sometimes deteriorates upon taking damage.
You are covered in thick fur. (AC +2)
Your muscles are strong. (Str +2)
You expend magic power (3 MP) to strengthen your wands.
[Scrolls take you longer to read.]
[You are very clumsy. (Dex -4)]
[Armour fits poorly on your strangely shaped body.]
[You are dopey. (Int -2)]
[You are very frail. (-20% HP)]
[Your magical capacity is very low. (-20% MP)]
[You frequently scream uncontrollably at your foes.]
[Your spells are easier to cast, but less powerful.]


Message History

The torturous corrupter is lightly wounded.
You block the torturous corrupter's attack.
You slash the torturous corrupter!
The torturous corrupter is moderately wounded.
You block the torturous corrupter's attack.
The torturous corrupter blocks your attack.
The torturous corrupter is moderately wounded.
The torturous corrupter barely misses you.
You are too injured to fight recklessly!
You are too injured to fight recklessly!
You are too injured to fight recklessly!
You are too injured to fight recklessly!
You are too injured to fight recklessly!
You are too injured to fight recklessly!
You are too injured to fight recklessly!
You are struck by the torturous corrupter's spines.
You slice the torturous corrupter!!
The torturous corrupter is heavily wounded.
You block the torturous corrupter's attack. x2
You hit the torturous corrupter but do no damage.
The torturous corrupter is heavily wounded.
You block the torturous corrupter's attack.
You are struck by the torturous corrupter's spines.
You slice the torturous corrupter!!
The torturous corrupter is almost dead.
The torturous corrupter mumbles some strange prayers to Lugonu.
Your body twists and deforms.
Your connection to magic feels subdued.
Your connection to magic feels more subdued.
You barely miss the torturous corrupter.
The torturous corrupter is almost dead.
The torturous corrupter calls forth creatures from the Crypt!
The torturous corrupter blocks your attack.
The torturous corrupter is almost dead.
You carve the flayed ghost like a ham!!!
You destroy the flayed ghost!
You hit the vampire knight. You hit the flayed ghost.
You block the torturous corrupter's attack.
The torturous corrupter blocks your attack.
The torturous corrupter is almost dead.
You hit the vampire knight but do no damage.
You hit the flayed ghost.
The torturous corrupter hits you with a +0 demon whip!
You block the vampire knight's attack. x2; The flayed ghost hits you!
The torturous corrupter blocks your attack.
The torturous corrupter is almost dead.
You slash the vampire knight! You closely miss the flayed ghost.
The torturous corrupter looks more healthy.
You block the torturous corrupter's attack.
You block the flayed ghost's attack.
The torturous corrupter blocks your attack.
The torturous corrupter is almost dead.
You slice the flayed ghost!! You slash the vampire knight!
You block the vampire knight's attack. The vampire knight bites you.
The torturous corrupter prays to Lugonu.
You hit the vampire knight.
The vampire knight is severely damaged.
You are struck by the torturous corrupter's spines.
You hit the torturous corrupter. You slash the flayed ghost!
You block the torturous corrupter's attack.
The flayed ghost hits you but does no damage.
You slash the vampire knight!
The vampire knight is almost destroyed.
You miss the flayed ghost.
You carve the torturous corrupter like a ham!!!
You kill the torturous corrupter!
Makhleb accepts your kill.
The flayed ghost disappears in a puff of smoke!
The vampire knight disappears in a puff of smoke!
The monstrous warmonger wields a +0 longbow of freezing.
It is covered in frost.
The monstrous warmonger shoots an arrow.
You block the arrow.
There is a staircase leading out of the dungeon, spattered with blood here.
Things that are here:
a +0 robe; a +0 trident The monstrous warmonger mumbles some strange prayers to its god against you.
Your magic feels tainted.
The monstrous warmonger unwields a +0 longbow of freezing.
You block the monstrous warmonger's attack.
The monstrous warmonger barely misses you. x2
There is an open door, spattered with blood here.
You hit the monstrous warmonger but do no damage.
You hit the monstrous warmonger but do no damage.
You block the monstrous warmonger's attack. x2
The monstrous warmonger completely misses you.
You slice the monstrous warmonger!!
The monstrous warmonger is lightly wounded.
You block the monstrous warmonger's attack. x2
The monstrous warmonger gores you!
The monstrous warmonger calls down the wrath of its god upon you.
Your magic feels more tainted.
The monstrous warmonger wields a +0 longbow of freezing.
It is covered in frost.
The monstrous warmonger shoots an arrow.
You block the arrow.
There is a staircase leading out of the dungeon, spattered with blood here.
Things that are here:
an arrow; a +0 robe; a +0 trident You can't go down here!
You have escaped!

#####.......#.#
......#######.#
###.....รท.....#
###.#.#########
....#.....#
###############
#c#a#x#d#o#p#N####
###############.)#
.........g46X6'.@#
###############[.#
#V#f#p#g#p#6#h####
###############
.........#
...#.###.# ...#.#
#.# ...#.# #.#
#..#.# #.#


You could see a monstrous demonspawn, a monstrous warmonger, an Orb Guardian, an
orange demon and a goblin.

Vanquished Creatures
  4 orbs of fire (Zot:5)
  6 ancient liches
  Sojobo (Depths:5)
  4 Killer Klowns (Zot:5)
  Margery (Depths:5)
  2 curse toes (Zot:4)
  5 caustic shrikes (Depths:5)
  7 golden dragons
  2 profane servitors (D:1)
  3 electric golems
  2 Hell Sentinels (D:1)
  A Brimstone Fiend (D:1)
  Jorgrun (D:14)
  5 liches
  25 Orb Guardians
  3 pandemonium lords (D:1)
  19 tentacled monstrosities
  2 Ice Fiends
  5 titans (Vaults:5)
  6 quicksilver dragons
  13 death cobs
  5 sphinxes
  An Executioner (D:2)
  Gastronok (Lair:3)
  2 thorn hunters (Swamp:4)
  5 tengu reavers
  Kirke (Snake:1)
  19 storm dragons
  3 shadow dragons
  6 nagarajas
  4 draconian monks
  Roxanne (D:14)
  2 iron dragons (Depths:5)
  13 frost giants
  10 fire giants
  3 draconian knights
  13 vault wardens
  A deep elf sorcerer (Vaults:4)
  2 cacodemons (D:1)
  3 draconian shifters
  A draconian stormcaller (Zot:5)
  8 draconian scorchers
  13 very ugly things
  Aizul (Snake:1)
  13 ironheart preservers
  A deep elf elementalist (Depths:5)
  3 draconian annihilators
  3 reapers
  An entropy weaver (Vaults:1)
  A spriggan defender (Depths:5)
  2 war gargoyles (Vaults:5)
  18 stone giants
  3 vampire knights
  2 deep elf demonologists
  A lorocyproca (D:1)
  5 deep elf annihilators
  3 spark wasps (Depths:5)
  A corrupter (D:1)
  13 black draconians
  10 purple draconians
  6 red draconians
  4 green draconians
  11 white draconians
  10 yellow draconians
  A blizzard demon (D:1)
  A deep elf death mage (Vaults:5)
  7 fire dragons
  11 ettins
  4 great orbs of eyes
  11 yaktaur captains
  14 ogre magi
  A merfolk impaler (Depths:1)
  3 deep elf high priests (Vaults:5)
  13 naga warriors
  8 ice dragons
  A rakshasa (D:1)
  2 ghost crabs
  16 hydras
  36 vault guards
  A hell beast (D:2)
  16 centaur warriors
  2 spriggan air magi (Depths:5)
  A monstrous demonspawn (D:1)
  3 alligators
  14 anacondas
  6 death knights
  8 deep troll shamans
  A dancing weapon (Vaults:5)
  29 two-headed ogres
  4 tengu warriors
  6 deep troll earth magi
  A vampire mage (Depths:1)
  6 naga sharpshooters
  6 deep elf knights
  3 spriggan berserkers
  A soul eater (D:1)
  3 shock serpents
  Nergalle (Lair:1)
  A sun demon (D:2)
  3 sixfirhies (D:1)
  3 iron trolls (Depths:2)
  An infernal demonspawn (D:1)
  3 shadow demons (D:1)
  3 naga ritualists
  6 salamander mystics (Snake:4)
  7 flayed ghosts
  11 swamp dragons
  A glowing orange brain (shapeshifter) (Vaults:5)
  4 hell knights
  An unseen horror (D:11)
  4 glowing orange brains
  13 deep trolls
  An obsidian statue (Zot:5)
  3 wizards
  Pikel (D:4)
  8 deep elf archers
  20 deep elf magi
  14 orc knights
  5 lindwurms
  10 phantasmal warriors
  A sphinx zombie (Depths:2)
  7 orc sorcerers
  27 ugly things
  4 harpies
  17 ironbrand convokers
  A frost giant zombie (Depths:2)
  5 necromancers
  A shadow dragon skeleton (Depths:2)
  8 mana vipers
  A fire giant zombie (Depths:2)
  6 wolf spiders
  6 cyclopes
  3 manticores
  A salamander (shapeshifter) (D:15)
  A moth of wrath (shapeshifter) (Vaults:5)
  A frost giant skeleton (Vaults:3)
  3 salamanders
  11 vault sentinels
  3 guardian serpents (shapeshifter)
  21 black mambas
  2 ice statues (IceCv)
  12 moths of wrath
  A gargoyle (D:12)
  5 guardian serpents (Snake:4)
  2 rust devils
  A smoke demon (Volcano)
  A water nymph (shapeshifter) (Vaults:5)
  Psyche (D:9)
  15 spiny frogs
  5 orange demons (D:1)
  14 naga magi
  5 rime drakes
  3 kobold demonologists (D:15)
  8 freezing wraiths
  55 yaktaurs
  2 tormentors (D:1)
  6 tengu conjurers
  5 komodo dragons
  A spark wasp simulacrum (Depths:1)
  2 red devils
  3 hellwings
  A queen bee (shapeshifter) (Vaults:5)
  A troll (shapeshifter) (D:13)
  7 trolls
  A jumping spider (shapeshifter) (Vaults:4)
  A jumping spider (Vaults:1)
  2 polar bears
  10 bog bodies
  18 hornets
  A sphinx simulacrum (Vaults:3)
  3 hornets (shapeshifter)
  10 tyrant leeches
  7 hippogriffs
  22 blink frogs
  A raiju (Lair:6)
  33 slime creatures
  A ynoxinul (D:1)
  4 wraiths
  An ice dragon skeleton (Depths:1)
  A shadow (D:15)
  2 redbacks (Vaults:1)
  11 spriggans
  A hog (Snake:1)
  Sigmund (D:2)
  A tarantella (shapeshifter) (Vaults:3)
  6 water elementals (Depths:1)
  An ettin skeleton (Vaults:3)
  A fire elemental (Depths:1)
  A tarantella (Vaults:1)
  2 wyverns (D:10)
  4 basilisks
  20 yaks
  A spriggan skeleton (Depths:1)
  5 humans (D:14)
  2 hogs (shapeshifter)
  2 chaos spawn (D:1)
  A steam dragon (Lair:6)
  A golden eye (shapeshifter) (Depths:2)
  22 vampire mosquitoes
  A hungry ghost (D:10)
  2 neqoxecs (D:1)
  14 wargs
  14 swamp worms
  24 nagas
  A soldier ant (shapeshifter) (Vaults:1)
  6 water moccasins
  10 insubstantial wisps
  5 acid dragons
  2 water moccasins (shapeshifter)
  5 hell hounds
  7 porcupines
  2 large abominations (D:1)
  Duvessa (D:7)
  A floating eye (Depths:5)
  29 orc warriors
  11 swamp drakes
  6 black bears
  28 ice beasts
  2 ogres (shapeshifter)
  A sky beast (D:13)
  2 eyes of draining
  15 boggarts
  49 ogres
  4 phantoms
  A necrophage (D:7)
  10 wolves
  16 centaurs
  7 crocodiles
  5 big kobolds
  A human zombie (Vaults:3)
  17 bullfrogs
  2 human skeletons
  2 wyvern zombies
  Dowan (D:7)
  A wyvern skeleton (D:13)
  2 scorpions
  An orc simulacrum (Vaults:1)
  4 wights (D:11)
  6 howler monkeys
  2 crimson imps
  2 centaur zombies
  5 hounds
  A quasit (D:10)
  5 centaur skeletons
  4 jellies
  14 orc priests
  5 iguanas
  47 orc wizards
  Natasha (D:4)
  6 worker ants
  A hound skeleton (D:10)
  2 worker ant zombies
  Robin (D:4)
  12 adders
  4 gnolls (D:8)
  A howler monkey skeleton (D:7)
  4 river rats
  3 shadow imps
  An ooze (D:6)
  2 adder skeletons
  2 dart slugs (D:3)
  8 leopard geckos
  116 orcs
  A ball python (D:1)
  9 giant cockroaches
  20 goblins
  5 hobgoblins
  9 jackals
  4 quokkas
  3 bats (D:1)
  2 frilled lizards
  A jackal zombie (D:5)
  17 kobolds
  6 rats
  5 briar patches (Swamp:3)
  5 fungi
  2 plants (Lair:6)
1853 creatures vanquished.

Vanquished Creatures (collateral kills)
  2 orbs of fire (Zot:5)
  4 Killer Klowns
  A curse toe (Zot:4)
  Xtahua (Depths:3)
  2 golden dragons (Zot:4)
  An electric golem (Zot:5)
  4 Orb Guardians (Zot:5)
  A quicksilver dragon (Zot:4)
  A death cob (Zot:4)
  A draconian monk (Zot:5)
  Donald (Snake:1)
  A ghost moth (Zot:5)
  A draconian knight (Depths:5)
  A white draconian (Zot:5)
  An ice dragon (IceCv)
  An orange crystal statue (Zot:5)
  A moth of wrath (Zot:4)
  A boggart (Depths:3)
26 creatures vanquished.

Vanquished Creatures (others)
  4 naga sharpshooters
  A deep troll (Depths:2)
  A black mamba (Snake:4)
  3 humans
  A chaos spawn (Zot:4)
  A swamp worm (Swamp:1)
  An ogre (Depths:2)
  A boggart (Depths:3)
  A scorpion (D:4)
  Natasha (twice) (D:4)
  An orc wizard (Orc:2)
  A worker ant (D:13)
  A frilled lizard (D:4)
  8 briar patches
  A fungus (Lair:3)
  7 plants (Lair:6)
  2 withered plants (Lair:3)
37 creatures vanquished.

Grand Total: 1916 creatures vanquished

Notes
Turn   | Place    | Note
-------+----------+-------------------------------------------
     0 | D:1      | MisterOstroum the Deep Dwarf Fighter began the quest for
                  | the Orb.
     0 | D:1      | Reached XP level 1. HP: 20/20 MP: 1/1
     2 | D:1      | Noticed a naga
     2 | D:1      | Noticed a felid
     5 | D:1      | Noticed a demigod
     5 | D:1      | Noticed a demonspawn
     7 | D:1      | Noticed a human
     9 | D:1      | Noticed a draconian
     9 | D:1      | Noticed a dwarf
    11 | D:1      | Noticed an octopode
    11 | D:1      | Noticed a halfling
    13 | D:1      | Noticed a formicid
    13 | D:1      | Noticed a vine stalker
    15 | D:1      | Noticed a centaur
    15 | D:1      | Noticed a vampire
    17 | D:1      | Noticed a tengu
    19 | D:1      | Noticed an ogre
    21 | D:1      | Noticed a minotaur
    21 | D:1      | Noticed a gargoyle
    23 | D:1      | Noticed a spriggan
    23 | D:1      | Noticed a troll
    25 | D:1      | Noticed an elf
    27 | D:1      | Noticed a merfolk
    27 | D:1      | Noticed a ghoul
   152 | D:1      | Reached XP level 2. HP: 27/27 MP: 2/2
   697 | D:2      | Reached XP level 3. HP: 32/34 MP: 3/3
   733 | D:2      | Found a hazy altar of Hepliaklqana.
   775 | D:2      | Found an ornate altar of the Wu Jian Council.
   856 | D:2      | Reached XP level 4. HP: 34/42 MP: 4/4
   961 | D:2      | Found a glowing golden altar of the Shining One.
  1185 | D:2      | Noticed Sigmund
  1484 | D:3      | Noticed a phantom
  1771 | D:4      | Noticed Pikel
  1771 | D:4      | Noticed a slave
  1771 | D:4      | Noticed a slave
  1772 | D:4      | Noticed Natasha
  1848 | D:4      | Found a shadowy altar of Dithmenos.
  1878 | D:4      | Reached skill level 4 in Shields
  1878 | D:4      | Reached XP level 5. HP: 34/50 MP: 5/5
  1999 | D:4      | Found a glowing drain.
  2009 | Sewer    | Entered a sewer
  2077 | Sewer    | Reached XP level 6. HP: 43/57 MP: 6/6
  2094 | Sewer    | Found a white marble altar of Elyvilon.
  2189 | D:4      | Noticed a slave
  2213 | D:4      | Killed Pikel
  2213 | D:4      | Reached skill level 5 in Fighting
  2213 | D:4      | Reached skill level 5 in Axes
  2213 | D:4      | Reached skill level 5 in Shields
  2213 | D:4      | Reached XP level 7. HP: 58/67 MP: 7/7
  2252 | D:4      | Reached skill level 5 in Armour
  2291 | D:4      | Noticed Robin
  2298 | D:4      | Killed Robin
  2314 | D:4      | Killed Natasha
  2362 | D:4      | You fall into a shaft and drop 1 floor!
  2362 | D:5      | Entered Level 5 of the Dungeon
  2504 | D:5      | Reached XP level 8. HP: 57/75 MP: 7/7
  2604 | D:4      | Noticed Natasha
  2608 | D:4      | Killed Natasha
  2784 | D:4      | Killed Natasha
  3376 | D:6      | Found an opulent altar of Gozag.
  3376 | D:6      | Found an ancient bone altar of Kikubaaqudgha.
  3739 | D:6      | Found a staircase to the Ecumenical Temple.
  3745 | Temple   | Entered the Ecumenical Temple
  3869 | Temple   | Became a worshipper of Makhleb the Destroyer
  4133 | D:7      | Reached skill level 6 in Shields
  4197 | D:7      | Found Boitel's Assorted Antiques.
  4207 | D:7      | Bought a potion of curing for 75 gold pieces
  4207 | D:7      | Bought a pair of jewelled boots for 237 gold pieces
  4217 | D:7      | Identified the +1 pair of boots of the Barracuda {rF+ rC+}
                  | (You bought it in a shop on level 7 of the Dungeon)
  4256 | D:7      | Reached skill level 1 in Invocations
  4335 | D:7      | Noticed Dowan
  4336 | D:7      | Noticed Duvessa
  4347 | D:7      | Killed Duvessa
  4366 | D:7      | Killed Dowan
  4366 | D:7      | Gained mutation: You passively map the area around you.
                  | [Deep Dwarf growth]
  4366 | D:7      | Reached XP level 9. HP: 85/85 MP: 7/7
  4764 | D:8      | Found a bloodstained altar of Trog.
  4769 | D:8      | Paralysed by a hornet for 1 turns
  4865 | D:8      | Reached * piety under Makhleb
  5086 | D:8      | Found a staircase to the Lair.
  5111 | D:8      | Found an iron altar of Okawaru.
  5298 | D:8      | Noticed a troll
  5302 | D:8      | Reached skill level 7 in Shields
  5305 | D:8      | Killed a troll
  5628 | D:8      | Reached XP level 10. HP: 73/96 MP: 10/10
  5938 | D:9      | Found a staircase to the Orcish Mines.
  5941 | D:9      | Found a roughly hewn altar of Beogh.
  5952 | D:9      | Reached ** piety under Makhleb
  6028 | D:9      | Noticed Psyche
  6039 | D:9      | Killed Psyche
  6075 | D:9      | Reached skill level 5 in Invocations
  6403 | D:10     | Entered Level 10 of the Dungeon
  6472 | D:10     | Reached skill level 10 in Axes
  6568 | D:10     | Found Funemoumm's Weapon Emporium.
  6871 | D:10     | Reached skill level 8 in Shields
  7086 | D:11     | Noticed a cyclops
  7088 | D:11     | Noticed a two-headed ogre
  7097 | D:10     | Killed a cyclops
  7097 | D:10     | Reached XP level 11. HP: 106/106 MP: 12/12
  7156 | Orc:1    | Entered Level 1 of the Orcish Mines
  7156 | Orc:1    | Noticed a two-headed ogre
  7174 | Orc:1    | Killed a two-headed ogre
  7209 | Orc:1    | Found a radiant altar of Vehumet.
  7220 | Orc:1    | Reached *** piety under Makhleb
  7387 | Orc:2    | Entered Level 2 of the Orcish Mines
  7437 | Orc:2    | Noticed an orc sorcerer
  7437 | Orc:2    | Noticed an orc sorcerer
  7438 | Orc:2    | Found Eklas's Magic Scroll Shop.
  7445 | Orc:2    | Killed an orc sorcerer
  7454 | Orc:2    | Killed an orc sorcerer
  7457 | Orc:2    | Noticed an orc sorcerer
  7470 | Orc:2    | Noticed a sixfirhy
  7472 | Orc:2    | Killed an orc sorcerer
  7479 | Orc:2    | Found Viott's General Store.
  7479 | Orc:2    | Noticed an orc sorcerer
  7487 | Orc:2    | Killed an orc sorcerer
  7487 | Orc:2    | Reached **** piety under Makhleb
  7510 | Orc:2    | Bought a scroll of enchant weapon for 75 gold pieces
  7510 | Orc:2    | Bought a scroll of identify for 20 gold pieces
  7552 | Orc:2    | Bought a scroll of enchant armour for 112 gold pieces
  7552 | Orc:2    | Bought a scroll of fog for 30 gold pieces
  7552 | Orc:2    | Bought a scroll of fear for 52 gold pieces
  7552 | Orc:2    | Bought a scroll of blinking for 112 gold pieces
  7552 | Orc:2    | Bought a scroll of magic mapping for 52 gold pieces
  7552 | Orc:2    | Bought a scroll of identify for 30 gold pieces
  7676 | Orc:2    | Noticed an orc sorcerer
  7678 | Orc:2    | Found Yrphopturch's Assorted Antiques.
  7678 | Orc:2    | Found Fimugudd's Weapon Emporium.
  7678 | Orc:2    | Noticed an orc sorcerer
  7705 | Orc:2    | Killed an orc sorcerer
  7705 | Orc:2    | Reached skill level 10 in Fighting
  7715 | Orc:2    | Killed an orc sorcerer
  7765 | Orc:2    | Bought a potion of agility for 96 gold pieces
  7765 | Orc:2    | Bought a scroll of magic mapping for 84 gold pieces
  7897 | Orc:2    | Found a roughly hewn altar of Beogh.
  7995 | Orc:2    | Noticed a two-headed ogre
  7997 | Orc:2    | Noticed a two-headed ogre
  7998 | Orc:2    | Noticed a two-headed ogre
  7998 | Orc:2    | Noticed an ogre mage
  7999 | Orc:2    | Noticed a two-headed ogre
  8006 | Orc:2    | Killed a two-headed ogre
  8009 | Orc:2    | Killed a two-headed ogre
  8009 | Orc:2    | Reached skill level 9 in Shields
  8016 | Orc:2    | Killed an ogre mage
  8016 | Orc:2    | Reached XP level 12. HP: 117/117 MP: 13/15
  8019 | Orc:2    | Killed a two-headed ogre
  8025 | Orc:2    | Killed a two-headed ogre
  8135 | Orc:2    | Found a staircase to the Elven Halls.
  8299 | Orc:1    | Reached ***** piety under Makhleb
  8513 | Lair:1   | Entered Level 1 of the Lair of Beasts
  8698 | Lair:1   | Noticed Nergalle
  8711 | Lair:1   | Killed Nergalle
  9829 | Lair:2   | Found a staircase to the Swamp.
  9922 | Lair:2   | Found the +7 Kryia's mail coat {PotionHeal*2 rC+}
 10112 | Lair:3   | Found a dark tunnel.
 10162 | Volcano  | Entered a volcano
 10244 | Volcano  | Reached skill level 10 in Armour
 10546 | Lair:3   | Reached skill level 10 in Shields
 10566 | Lair:3   | Found a staircase to the Snake Pit.
 10594 | Lair:3   | Reached XP level 13. HP: 118/127 MP: 17/17
 10774 | Lair:3   | Noticed Gastronok
 10805 | Lair:3   | Killed Gastronok
 10884 | Lair:3   | Found a runed translucent door.
 10884 | Lair:3   | Noticed MeekVeins's ghost (journeyman VSMo)
 11469 | Lair:4   | Reached skill level 10 in Invocations
 12334 | Lair:5   | Found a staircase to the Slime Pits.
 12334 | Lair:5   | Found a viscous altar of Jiyva.
 12498 | Lair:6   | Entered Level 6 of the Lair of Beasts
 12855 | Lair:6   | Noticed a fire dragon
 12879 | Lair:6   | Killed a fire dragon
 13292 | Lair:6   | Reached ****** piety under Makhleb
 13503 | D:11     | Reached skill level 1 in Evocations
 13516 | D:11     | Reached skill level 1 in Dodging
 14253 | D:12     | Found a frozen archway.
 14277 | D:12     | Reached skill level 11 in Shields
 14298 | IceCv    | Entered an ice cave
 14326 | IceCv    | Gained mutation: You resist negative energy. (rN+) [Deep
                  | Dwarf growth]
 14326 | IceCv    | Reached XP level 14. HP: 137/139 MP: 17/17
 14630 | IceCv    | Got a warped copper ring
 14635 | IceCv    | Got a pitted marble ring
 14637 | IceCv    | Got a smoking tin ring
 14639 | IceCv    | Identified the ring of Kaux Oth {rC+ Stlth-} (You found it
                  | in an ice cave)
 14641 | IceCv    | Identified the ring "Ziurch" {rPois rF+ SInv} (You found it
                  | in an ice cave)
 14643 | IceCv    | Identified the ring "Larrargho" {rElec rF+ MR- Str+3 Int+4}
                  | (You found it in an ice cave)
 14785 | D:12     | Found a runed translucent door.
 14785 | D:12     | Found a shimmering altar of Xom.
 14785 | D:12     | Noticed casual's ghost (novice DrMo)
 15462 | D:13     | Reached skill level 5 in Evocations
 15778 | D:13     | Reached skill level 5 in Dodging
 15918 | D:14     | Found Ehayrch Nifi's Gadget Boutique.
 15924 | D:14     | Noticed Roxanne
 16086 | D:14     | Found Muotwit's General Store.
 16089 | D:14     | Bought a scroll of blinking for 97 gold pieces
 16133 | D:14     | Found Feeluezigh's Antique Weapon Shoppe.
 16137 | D:14     | Noticed Jorgrun
 16368 | D:14     | Killed Jorgrun
 16548 | D:14     | Found Etwam's Book Shop.
 16773 | D:14     | Found a gate to the Vaults.
 17279 | Swamp:1  | Entered Level 1 of the Swamp
 17325 | Swamp:1  | Reached XP level 15. HP: 123/147 MP: 18/18
 17455 | Swamp:1  | Reached skill level 12 in Shields
 18277 | Swamp:2  | Reached skill level 10 in Evocations
 18951 | Swamp:3  | Noticed a thorn hunter
 18959 | Swamp:4  | Entered Level 4 of the Swamp
 19259 | Swamp:4  | Noticed a thorn hunter
 19260 | Swamp:4  | Noticed a thorn hunter
 19284 | Swamp:4  | Killed a thorn hunter
 19292 | Swamp:4  | Killed a thorn hunter
 19292 | Swamp:4  | Reached skill level 10 in Dodging
 19320 | Swamp:4  | Reached XP level 16. HP: 157/157 MP: 19/19
 19345 | Swamp:4  | Got a decaying rune of Zot
 19531 | Snake:1  | Entered Level 1 of the Snake Pit
 19661 | Snake:1  | Noticed Aizul
 19684 | Snake:1  | Killed Aizul
 19765 | Snake:1  | Found Zaodd's Antique Armour Shoppe.
 19765 | Snake:1  | Found Malirral's Assorted Antiques.
 19766 | Snake:1  | Found Kaivesto's Gadget Shoppe.
 19768 | Snake:1  | Found Kudobes's Food Emporium.
 19784 | Snake:1  | Bought a potion of curing for 84 gold pieces
 19784 | Snake:1  | Bought a scroll of teleportation for 84 gold pieces
 19816 | Snake:1  | Reached skill level 13 in Shields
 19823 | Snake:1  | Bought a potion of might for 112 gold pieces
 19947 | Snake:1  | Noticed Kirke
 19963 | Snake:1  | Killed Kirke
 20280 | Snake:1  | Noticed Donald
 20294 | Snake:1  | Killed Donald
 20386 | Snake:1  | Reached skill level 15 in Axes
 20910 | Snake:4  | Entered Level 4 of the Snake Pit
 21288 | Snake:4  | Found Vodiocecw's Food Shoppe.
 21733 | Snake:4  | Reached skill level 14 in Shields
 21765 | Snake:4  | Reached XP level 17. HP: 130/168 MP: 20/20
 21940 | Snake:4  | Got a serpentine rune of Zot
 22375 | Vaults:1 | Entered Level 1 of the Vaults
 22516 | Vaults:1 | Reached skill level 15 in Fighting
 22630 | Vaults:1 | Reached skill level 15 in Armour
 22653 | Vaults:1 | Reached skill level 15 in Shields
 23507 | Vaults:1 | Found Wuseog's Antique Weapon Boutique.
 23743 | Vaults:2 | Gained mutation: You passively map a large area around you.
                  | [Deep Dwarf growth]
 23743 | Vaults:2 | Reached XP level 18. HP: 180/180 MP: 21/21
 24028 | Vaults:2 | You fall into a shaft and drop 2 floors!
 24193 | Vaults:4 | Paralysed by a sphinx for 4 turns
 24216 | Vaults:5 | Entered Level 5 of the Vaults
 24342 | Vaults:5 | Noticed a tentacled monstrosity
 24363 | Vaults:5 | Killed a tentacled monstrosity
 24431 | Vaults:5 | Noticed a golden dragon
 24508 | Vaults:5 | Killed a golden dragon
 24518 | Vaults:5 | Noticed a Hell Sentinel
 24553 | Vaults:5 | Noticed a Brimstone Fiend
 24894 | Vaults:5 | Reached XP level 19. HP: 173/189 MP: 20/20
 24914 | Vaults:5 | Reached XP level 20. HP: 177/199 MP: 21/21
 24991 | Vaults:5 | Reached skill level 16 in Shields
 24991 | Vaults:5 | Identified the +11 mace "Uteog" {holy, Int+2 Dex+2 Stlth+}
 25222 | Vaults:5 | Noticed an ancient lich
 25244 | Vaults:5 | Killed an ancient lich
 25449 | Vaults:5 | Got a pitted ivory amulet
 25450 | Vaults:5 | Identified the amulet "Iti Xael" {+Rage rElec rC- MP+9
                  | Dex-5} (You found it on level 5 of the Vaults)
 25488 | Vaults:5 | Identified the Collected Works on Unstable Poisoning
 25496 | Vaults:5 | Got a silver rune of Zot
 25917 | Vaults:5 | Identified the +1 robe of the Nine Hells {rN++}
 25917 | Vaults:5 | Identified the ring "Huxtoske" {rCorr Slay+3}
 25977 | Vaults:5 | Reached skill level 17 in Shields
 26479 | Vaults:3 | Found Oseag's Distillery.
 26490 | Vaults:3 | Bought a potion of heal wounds for 70 gold pieces
 26490 | Vaults:3 | Bought a potion of curing for 42 gold pieces
 26490 | Vaults:3 | Bought 2 potions of might for 112 gold pieces
 26490 | Vaults:3 | Bought a potion of curing for 42 gold pieces
 26490 | Vaults:3 | Bought 2 potions of invisibility for 224 gold pieces
 26490 | Vaults:3 | Bought a potion of curing for 42 gold pieces
 26490 | Vaults:3 | Bought 2 potions of haste for 280 gold pieces
 26499 | Vaults:3 | Found Ridoc's Antique Weapon Shop.
 26507 | Vaults:3 | Bought a glowing broad axe for 280 gold pieces
 26522 | Vaults:3 | Reached XP level 21. HP: 207/207 MP: 20/20
 26671 | Vaults:3 | Found Jynnorgh's Distillery.
 26676 | Vaults:3 | Bought a potion of haste for 170 gold pieces
 26676 | Vaults:3 | Bought a potion of haste for 170 gold pieces
 26676 | Vaults:3 | Bought a potion of curing for 51 gold pieces
 26676 | Vaults:3 | Bought a potion of curing for 51 gold pieces
 27598 | Vaults:2 | Found a staircase to the Crypt.
 27598 | Vaults:2 | Found an ancient bone altar of Kikubaaqudgha.
 27599 | Vaults:2 | Found a basalt altar of Yredelemnul.
 27671 | Vaults:2 | Found Paov's Food Shoppe.
 28698 | Vaults:3 | Reached skill level 18 in Shields
 28711 | Vaults:3 | Identified the Papyrus of Curses and the Arsonist
 28748 | Vaults:3 | You fall into a shaft and drop 1 floor!
 29344 | Vaults:4 | Reached skill level 15 in Dodging
 30295 | D:15     | Entered Level 15 of the Dungeon
 30425 | D:15     | Found a snail-covered altar of Cheibriados.
 30589 | D:15     | Reached XP level 22. HP: 204/219 MP: 23/23
 30654 | D:15     | Found a staircase to the Depths.
 30889 | Depths:1 | Entered Level 1 of the Depths
 30980 | Depths:1 | Found a gateway to Hell.
 31254 | Depths:2 | You fall into a shaft and drop 1 floor!
 31283 | Depths:3 | Found a sparkling altar of Nemelex Xobeh.
 31577 | Depths:3 | Found a gateway to a ziggurat.
 31596 | Depths:3 | Reached skill level 19 in Shields
 31645 | Depths:3 | Noticed Xtahua
 31658 | Depths:3 | Killed Xtahua
 32198 | Depths:5 | Entered Level 5 of the Depths
 32198 | Depths:5 | Noticed Margery
 32218 | Depths:5 | Killed Margery
 32218 | Depths:5 | Reached skill level 15 in Invocations
 32328 | Depths:5 | Paralysed by a floating eye for 2 turns
 32554 | Depths:5 | Reached XP level 23. HP: 230/230 MP: 25/25
 32558 | Depths:5 | Noticed a caustic shrike
 32565 | Depths:5 | Noticed a caustic shrike
 32569 | Depths:5 | Noticed a caustic shrike
 32569 | Depths:5 | Noticed a caustic shrike
 32569 | Depths:5 | Noticed a caustic shrike
 32579 | Depths:5 | Killed a caustic shrike
 32583 | Depths:5 | Killed a caustic shrike
 33066 | Depths:5 | Killed a caustic shrike
 33140 | Depths:5 | Killed a caustic shrike
 33175 | Depths:5 | Identified the cursed +0 scale mail of the Crown {rF+ MR-
                  | Int+5}
 33255 | Depths:5 | Found a gate to the Realm of Zot.
 33458 | Depths:5 | Noticed Sojobo
 33497 | Depths:5 | Killed Sojobo
 33599 | Zot:1    | Entered Level 1 of the Realm of Zot
 33889 | D:14     | Bought a wand of scattershot (5) for 378 gold pieces
 33889 | D:14     | Bought a wand of scattershot (7) for 462 gold pieces
 33889 | D:14     | Bought a wand of scattershot (4) for 336 gold pieces
 33889 | D:14     | Bought a wand of acid (8) for 336 gold pieces
 33889 | D:14     | Bought a wand of digging (6) for 280 gold pieces
 33889 | D:14     | Bought a wand of digging (3) for 196 gold pieces
 33918 | D:14     | Killed Roxanne
 34405 | Zot:2    | Reached skill level 20 in Shields
 34520 | Zot:2    | Found Ijulun's Changing Room.
 34542 | Zot:2    | Bought a potion of mutation for 176 gold pieces
 34542 | Zot:2    | Bought a potion of mutation for 176 gold pieces
 34542 | Zot:2    | Bought a potion of mutation for 176 gold pieces
 34564 | Zot:2    | Noticed a Killer Klown
 34564 | Zot:2    | Noticed a Killer Klown
 34616 | Zot:2    | Killed a Killer Klown
 34913 | Zot:2    | Reached XP level 24. HP: 138/244 MP: 22/22
 35007 | Zot:2    | Reached skill level 21 in Shields
 35356 | Zot:4    | Reached skill level 22 in Shields
 35521 | Zot:5    | Entered Level 5 of the Realm of Zot
 36394 | Zot:4    | Reached XP level 25. HP: 254/254 MP: 20/20
 37209 | Zot:5    | Noticed an ancient lich
 37237 | Zot:5    | Noticed a Killer Klown
 37238 | Zot:5    | Killed an ancient lich
 37288 | Zot:5    | Killed a Killer Klown
 37334 | Zot:5    | Noticed an ancient lich
 37356 | Zot:5    | Killed an ancient lich
 37388 | Zot:5    | Noticed an orb of fire
 37399 | Zot:5    | Noticed a Killer Klown
 37400 | Zot:5    | Killed an orb of fire
 37404 | Zot:5    | Noticed a Killer Klown
 37408 | Zot:5    | Killed a Killer Klown
 37420 | Zot:5    | Noticed a Killer Klown
 37421 | Zot:5    | Noticed an orb of fire
 37425 | Zot:5    | Gained mutation: [You are frail. (-10% HP)] [an orb of
                  | fire]
 37427 | Zot:5    | Killed a Killer Klown
 37430 | Zot:5    | Gained mutation: [You are dopey. (Int -2)] [an orb of fire]
 37437 | Zot:5    | Gained mutation: [You are very frail. (-20% HP)] [an orb of
                  | fire]
 37443 | Zot:5    | Killed an orb of fire
 37449 | Zot:5    | Noticed an ancient lich
 37451 | Zot:5    | Killed an ancient lich
 37451 | Zot:5    | Reached skill level 23 in Shields
 37453 | Zot:5    | Killed a Killer Klown
 37749 | Zot:5    | Noticed an orb of fire
 37750 | Zot:5    | Noticed an orb of fire
 37754 | Zot:5    | Noticed an ancient lich
 37754 | Zot:5    | Noticed an orb of fire
 37757 | Zot:5    | Noticed a Killer Klown
 37759 | Zot:5    | Lost mutation: [You are very frail. (-20% HP)] [an orb of
                  | fire]
 37761 | Zot:5    | Noticed an orb of fire
 37763 | Zot:5    | Lost mutation: [You are dopey. (Int -2)] [an orb of fire]
 37863 | Zot:5    | Killed an ancient lich
 37863 | Zot:5    | Reached XP level 26. HP: 241/241 MP: 16/16
 37879 | Zot:5    | Gained mutation: [Scrolls take you a little longer to
                  | read.] [an orb of fire]
 37883 | Zot:5    | Gained mutation: Your body sometimes deteriorates upon
                  | taking damage. [an orb of fire]
 37885 | Zot:5    | Killed an orb of fire
 37899 | Zot:5    | Killed an orb of fire
 37903 | Zot:5    | Gained mutation: [Armour fits poorly on your strangely
                  | shaped body.] [an orb of fire]
 37907 | Zot:5    | Gained mutation: [Scrolls take you longer to read.] [an orb
                  | of fire]
 37913 | Zot:5    | Killed an orb of fire
 37959 | Zot:5    | Killed an orb of fire
 38219 | Zot:5    | Got the Orb of Zot
 38273 | Zot:4    | Noticed Okuphiq the pandemonium lord
 38408 | Depths:5 | Lost mutation: [You are frail. (-10% HP)] [potion of
                  | mutation]
 38408 | Depths:5 | Lost mutation: Your body sometimes deteriorates upon taking
                  | damage. [potion of mutation]
 38408 | Depths:5 | Gained mutation: You are covered in fur. (AC +1) [potion of
                  | mutation]
 38408 | Depths:5 | Gained mutation: You are covered in thick fur. (AC +2)
                  | [potion of mutation]
 38409 | Depths:5 | Lost mutation: [Scrolls take you longer to read.] [potion
                  | of mutation]
 38409 | Depths:5 | Lost mutation: [Scrolls take you a little longer to read.]
                  | [potion of mutation]
 38409 | Depths:5 | Lost mutation: [Armour fits poorly on your strangely shaped
                  | body.] [potion of mutation]
 38409 | Depths:5 | Gained mutation: [Scrolls take you a little longer to
                  | read.] [potion of mutation]
 38409 | Depths:5 | Gained mutation: You are resistant to hostile enchantments.
                  | (MR+) [potion of mutation]
 38410 | Depths:5 | Lost mutation: [Scrolls take you a little longer to read.]
                  | [potion of mutation]
 38410 | Depths:5 | Lost mutation: You are resistant to hostile enchantments.
                  | (MR+) [potion of mutation]
 38410 | Depths:5 | Gained mutation: Your body sometimes deteriorates upon
                  | taking damage. [potion of mutation]
 38410 | Depths:5 | Gained mutation: Your muscles are strong. (Str +2) [potion
                  | of mutation]
 38410 | Depths:5 | Gained mutation: You are agile. (Dex +2) [potion of
                  | mutation]
 38410 | Depths:5 | Gained mutation: You expend magic power (3 MP) to
                  | strengthen your wands. [potion of mutation]
 38447 | Depths:5 | Noticed Qotint the pandemonium lord
 38870 | D:2      | Killed Sigmund
 41066 | D:1      | Noticed Wothu the pandemonium lord
 41066 | D:1      | Noticed an ancient lich
 41078 | D:1      | Killed Wothu the pandemonium lord
 41081 | D:1      | Killed an ancient lich
 41582 | D:1      | Reached skill level 24 in Shields
 43530 | D:1      | Noticed Cary the pandemonium lord
 43551 | D:1      | Killed Cary the pandemonium lord
 43598 | D:1      | Noticed Loseutoa the pandemonium lord
 43705 | D:1      | Killed Loseutoa the pandemonium lord
 43781 | D:$      | Escaped with the Orb!

Levels and vault maps discovered:
D:1:      kb_arrival_jail, layout_basic
D:2:      layout_rooms, overflow_temple_1_default, marbit_many_paths,
          nicolae_tso_carved_into_rock, uniq_sigmund
D:3:      layout_rooms
D:4:      layout_basic, lemuel_crystal_altar, gup_sewer_entry_pipe, uniq_pikel,
          uniq_natasha, uniq_robin
D:5:      layout_loops_cross, first_ration
D:6:      layout_cave_pools, chequers_temple_overflow_statue_of_worship,
          minmay_temple_entry_hall
D:7:      layout_loops_cross, serial_shops, nicolae_shop_crystal, uniq_duvessa
D:8:      layout_gridville, okawaru_ov_weapons_minmay,
          erik_lair_orcish_takeover, grunt_pizzeria, kennysheep_minor_cross,
          trog_butcher_becter
D:9:      layout_rooms, minmay_orc_entry_temple_small, uniq_psyche
D:10:     layout_gridville, serial_shops, shop
D:11:     layout_loops_cross, due_unseen_surprise
D:12:     layout_irregular_city, portal_ice_cave_entry_ice_beasts,
          ebering_ghost_xom, minmay_misc_feat_secret_circle
D:13:     layout_rooms
D:14:     layout_loops_ring, ximxim_vaults_locker_room, minmay_misc_feat_rows,
          serial_shops, shop_fountains, shop, nicolae_shop_window_shopping,
          kennysheep_windowed_goal, uniq_jorgrun, uniq_roxanne
D:15:     grunt_enter_depths_snipers, layout_rooms, basic_altar, chequers_jeans
Temple:   compressed_dpeg_circular_temple
Lair:1:   layout_cave_pods, grunt_megastairs_4, uniq_nergalle
Lair:2:   layout_gridlike, minmay_swamp_entry_worms, minmay_lair_oklob_chamber
Lair:3:   layout_gridlike, guppyfry_snake_entry_island, gammafunk_ghost_grave,
          nicolae_volcano_entry_vermiform, st_stairs_5, lemuel_fruit_fields,
          uniq_gastronok
Lair:4:   layout_regular_city
Lair:5:   layout_gridlike, slime_altar_1, eino_small_chamber_without_monster,
          pond
Lair:6:   guppyfry_lair_end_dragon, layout_cave_pods,
          hangedman_lair_caniforms_friends, grunt_megastairs_1
Swamp:1:  layout_falls_marsh, evilmike_swamp_ruin_house_5
Swamp:2:  layout_falls_marsh, hangedman_swamp_blocks
Swamp:3:  layout_basic_swamp, infiniplex_staircase_pool_2
Swamp:4:  swamp, layout_basic_swamp
Snake:1:  layout_onion_interference, grunt_megastairs_2, lemuel_fruit_tree,
          minmay_shoptagon, uniq_donald, uniq_kirke, uniq_aizul
Snake:2:  layout_cave_shapes, grunt_ministairs_5
Snake:3:  layout_concentric_octagons
Snake:4:  snake_pit_salamanders_mu, layout_cave_shapes, serial_shops, shop,
          st_stairs_7
Orc:1:    layout_diamond_mine, basic_altar
Orc:2:    st_orc_town, layout_caves
Vaults:1: ontoclasm_vaults_bender, hangedman_vaults_stitches, v_misc_9,
          v_misc_18, vaults_mumra_minichess_inversion, v_alt_pattern_5,
          ontoclasm_vaults_tryst, ontoclasm_vaults_ring_large,
          ontoclasm_vaults_chip, ontoclasm_vaults_shout, vaults_room_hallway,
          vaults_room_stairs_pillars, nicolae_vaults_little_squares_5,
          grunt_vaults_hallway_long, layout_vaults_omnicross, serial_shops,
          nicolae_shop_trees
Vaults:2: minmay_crypt_entry_necro_gods, v_misc_1,
          nicolae_vaults_network_periphery, v_misc_2, vaults_dpeg_encased_lava,
          hangedman_vaults_impose, vaults_dpeg_diagonal,
          vaults_room_grunt_arrival_checkpoint, vaults_dpeg_cross,
          layout_vaults_quadrants, serial_shops, nicolae_shop_behind_doors
Vaults:3: hangedman_vaults_nodes, v_misc_15, ontoclasm_vaults_chip,
          ontoclasm_vaults_gateway, hangedman_vaults_impose, st_more_cells,
          ontoclasm_vaults_eye, nicolae_vaults_mini_display_case,
          nicolae_vaults_little_squares_6, layout_vaults_chaotic_city,
          serial_shops, nicolae_shop_trees, shop, shop
Vaults:4: hangedman_vaults_stream, v_rooms_2, ontoclasm_vaults_ligature,
          nicolae_vaults_network_star, nicolae_vaults_angled_halls,
          dpeg_vaults_monster_box, v_alt_pattern_1, hangedman_vaults_pinch,
          vaults_mumra_hexcomb, ontoclasm_vaults_misaligned,
          nicolae_vaults_murderbox, nicolae_vaults_little_squares_6,
          ontoclasm_vaults_twist, vaults_dpeg_hooks, layout_vaults_ring
Vaults:5: serial_shops
Depths:1: layout_cave_pools, nicolae_lava_and_water, rand_demon_pan_entry_4,
          hell_entry, minmay_misc_feat_encased, evilmike_butchery, firewood_loft
Depths:2: kennysheep_blocky_hall, layout_cave_shapes,
          gammafunk_ghost_tricky_traps, hell_entry
Depths:3: minmay_the_grid_four_pointed_star_mashed
          [minmay_the_grid_triangle_9x9_swiss_cheese,
          minmay_the_grid_triangle_9x9_sprig,
          minmay_the_grid_triangle_9x9_from_above,
          minmay_the_grid_triangle_9x9_windchime,
          minmay_the_grid_prize_diamond_cup], layout_honeycomb,
          enter_ziggurat_b, minmay_misc_feat_cross, rand_demon_pan_entry_5,
          pf_hell_entry_tar_spiral, minmay_misc_feat_columns,
          lemuel_statue_altar, uniq_xtahua
Depths:4: evilmike_negative_zone, layout_gridlike, grunt_pan_entry_in_and_out,
          marbit_kobold_abyss_entry, minmay_misc_feat_nine_boxes,
          grunt_hell_entry_dis_grunt, infiniplex_staircase_pillars_3a
Depths:5: grunt_runaround [grunt_runaround_doors_1, grunt_runaround_doors_2,
          grunt_runaround_doors_3, grunt_runaround_doors_4,
          grunt_runaround_zot], hell_entry, serial_shops, uniq_sojobo,
          uniq_margery
Zot:1:    kennysheep_room_grid, layout_onion_interference, grunt_megastairs_3
Zot:2:    grunt_zot_stairs_faceoff, layout_gridlike, nicolae_transmutations_shop
Zot:3:    layout_basic
Zot:4:    kennysheep_ambush_hall, layout_cathedral_of_symmetry,
          hangedman_zot_wheel_spokes
Zot:5:    layout_cathedral_of_symmetry, lemuel_flame_loot_1

Skill      XL: |  1  2  3  4  5  6  7  8  9 10 11 12 13 14 15 16 17 18 19 20 21 22 23 24 25 26 |
---------------+-------------------------------------------------------------------------------+-----
Fighting       | 3 4 5 6 8 9 10 11 12 13 14 15 16 17 18 20 22 23 | 23.5
Axes           | 3 4 5 6 7 9 10 11 13 14 15 16 17 18 19 20 | 20.0
Shields        | 4 5 6 7 8 9 10 11 12 14 15 17 18 19 20 22 23 24 | 24.3
Armour         | 4 5 6 7 8 9 10 11 12 14 15 16 | 16.2
Invocations    | 1 4 6 8 9 10 11 13 15 16 17 20 | 20.0
Evocations     | 3 8 10 | 10.0
Dodging        | 3 7 10 11 13 15 | 15.0

Action                   |  1- 3 |  4- 6 |  7- 9 | 10-12 | 13-15 | 16-18 | 19-21 | 22-24 | 25-27 || total
-------------------------+-------+-------+-------+-------+-------+-------+-------+-------+-------++-------
Melee: War axe           |   101 |   171 |   149 |       |   167 |  1240 |   545 |       |       ||  2373
       Hand axe          |       |       |   177 |   843 |  1637 |   250 |       |       |       ||  2907
       Broad axe         |       |       |       |       |       |       |   706 |  1451 |   848 ||  3005
       Unarmed           |       |       |       |       |       |       |       |     6 |       ||     6
Throw: Stone             |       |       |       |     6 |     8 |       |       |       |       ||    14
Invok: Minor Destruction |       |       |       |     1 |       |       |       |       |       ||     1
       Lesser Servant of |       |       |       |       |     2 |       |       |       |       ||     2
       Major Destruction |       |       |       |       |     1 |     2 |       |       |       ||     3
       Greater Servant o |       |       |       |       |     1 |     2 |       |     8 |    13 ||    24
 Abil: Heal Wounds       |       |     4 |     9 |     2 |    11 |    19 |    12 |    26 |    44 ||   127
       Evoke Berserk Rag |       |       |       |       |       |       |     1 |       |       ||     1
Evoke: Wand              |       |       |       |       |    16 |     1 |       |    10 |    16 ||    43
       Lamp of fire      |       |       |       |       |       |       |       |     1 |     2 ||     3
       Lightning rod     |       |       |       |       |       |       |       |       |     1 ||     1
  Use: Scroll            |       |    11 |     6 |    13 |    13 |     3 |    12 |    15 |    16 ||    89
       Potion            |       |       |       |       |     1 |     4 |     1 |     4 |    10 ||    20
 Stab: Distracted        |       |       |       |       |     4 |       |       |     3 |     5 ||    12
       Confused          |       |       |       |       |     1 |       |       |       |       ||     1
       Paralysed         |       |       |       |       |       |       |       |     1 |       ||     1
  Eat: Chunk             |       |     5 |    11 |    18 |    28 |    19 |    21 |    11 |     1 ||   114
       Ration            |       |       |       |     1 |       |     1 |       |     3 |     7 ||    12
Armor: Scale mail        |    59 |    52 |       |       |       |       |       |       |       ||   111
       Chain mail        |       |    45 |   194 |   306 |       |       |       |       |       ||   545
       Plate armour      |       |       |       |    79 |   773 |   749 |   343 |   321 |       ||  2265
       Swamp dragon scal |       |       |       |       |   110 |       |       |       |       ||   110
       Gold dragon scale |       |       |       |       |       |       |       |   260 |   350 ||   610
Dodge: Dodged            |    25 |    42 |    73 |   152 |   461 |   460 |   235 |   487 |   195 ||  2130
Block: Shield            |    52 |    94 |   161 |   416 |   893 |   245 |       |       |       ||  1861
       Reflection        |       |       |       |    16 |    14 |    28 |       |       |       ||    58
       Large shield      |       |       |       |       |       |  1294 |  1120 |  1809 |  1085 ||  5308
